Map: Galactic Process LE

Players

Amix - Winner!

  • Race: Zerg Zerg
  • League: Platinum
  • Spawn Location: 7:00

Nemesis

  • Race: Terran Terran
  • League: Diamond
  • Spawn Location: 1:00

VOD

Have the link to the VOD?

Description

Time

  • Played on: Nov. 16, 2016, 4:33 p.m.
  • Length: 1:22
Show
View Real Time Build Order
Export as new Build Order

Amix Zerg - Winner!

Build Orders: Hatch First 

Get SALT Encoding   

  12  0:01  Drone  
  13  0:08  Drone  
  14  0:16  Overlord  
  14  0:26  Drone, Extractor  
  15  0:35  Drone x2  
  17  0:54  Hatchery  
  16  0:57  Drone  
  16  1:02  Drone, Extractor  
  17  1:19  Spawning Pool  
Show
View Real Time Build Order
Export as new Build Order

Nemesis Terran 

Build Orders:  

Get SALT Encoding   

  12  0:02  SCV  
  13  0:15  SCV  
  14  0:25  Supply Depot  
  14  0:28  SCV  
  15  0:51  Barracks  
  15  0:53  SCV  
  15  0:54  Refinery  
  16  1:09  SCV  
  17  1:14  Barracks  
Tags
 
Add a new tag
Caveats
  • Supply blocks, unpowered buildings, or Contaminate may cause inaccurate times.
  • Supply counts are checked every 10 seconds.